 Dungeon Sprint DCSS version 0.21.1-1-g345015f (webtiles) character file.

3746 Fang the Fighter (level 10, -5/75 HPs)
             Began as a Gargoyle Berserker on June 23, 2018.
             Was the Champion of Trog.
             Slain by a yak (10 damage)
             ... in the Dungeon (Sprint VII: "The Pits").
             The game lasted 00:03:24 (1654 turns).

Fang the Fighter (Gargoyle Berserker)               Turns: 1654, Time: 00:03:25

Health: -5/75      AC: 19    Str: 25    XL:     10   Next: 15%
Magic:  10/10      EV: 13    Int:  7    God:    Trog [******]
Gold:   0          SH:  0    Dex:  9    Spells: 9/9 levels left

rFire    . . .     SeeInvis .   n - +5 war axe (flame)
rCold    . . .     Gourm    .   (no shield)
rNeg     + . .     Faith    .   t - +4 scale mail
rPois    ∞         Spirit   .   (no helmet)
rElec    +         Reflect  .   (no cloak)
rCorr    .         Harm     .   (no gloves)
MR       .....     NoTele   +   (no boots)
Stlth    +.........             (no amulet)
HPRegen  0.22/turn              (no ring)
MPRegen  0.12/turn              (no ring)

@: berserk cooldown, slowed, very slow
A: negative energy resistance 1, electricity resistance, unbreathing,
petrification resistance, rot immunity, AC +7
a: Berserk, Trog's Hand, Brothers in Arms, Burn Spellbooks, Renounce Religion


You were in the Dungeon.
You worshipped Trog.
Trog was exalted by your worship.
You were near starving.

You visited 1 branch

Inventory:

Hand Weapons
 j - a +2 hand axe
 n - a +5 war axe of flaming (weapon)
 o - a +2 hand axe of freezing
 s - a +2 war axe of draining
Missiles
 a - 2 javelins of returning (quivered)
Armour
 t - a +4 scale mail (worn)
Jewellery
 p - a +3 ring of evasion
 r - a +3 ring of protection
Scrolls
 i - a scroll of blinking
 l - 3 scrolls of remove curse
 m - a scroll of summoning
Potions
 d - 8 potions of curing
 e - 7 potions of heal wounds
 f - 3 potions of haste
 g - 4 potions of magic
 h - 3 potions of berserk rage
 k - 2 potions of invisibility
 q - 2 potions of agility
Comestibles
 b - a chunk of flesh
 c - 9 rations


   Skills:
 + Level 14.0 Fighting
 + Level 13.9 Axes
 + Level 7.4 Armour
 + Level 8.0 Dodging
 + Level 3.8 Stealth


You had 9 spell levels left.
You didn't know any spells.

Dungeon Overview and Level Annotations

Branches:
Dungeon (1/1)

Altars:
Ashenzari
Cheibriados
Dithmenos
Elyvilon
Fedhas
Gozag
Hepliaklqana
Kikubaaqudgha
Makhleb
Nemelex Xobeh
Okawaru
Qazlal
Ru
Sif Muna
Trog
Uskayaw
Vehumet
Wu Jian
Xom
Yredelemnul
Zin
The Shining One
Beogh
Jiyva
Lugonu


Innate Abilities, Weirdness & Mutations

You are resistant to torment.
Your stone body is resilient. (AC +7)
You are immune to poison.
You resist negative energy. (rN+)
You are resistant to electric shocks. (rElec)
You can survive without breathing.
You are immune to petrification.
You are immune to rotting.


Message History

The fire elemental burns you! The fire elemental hits you.
The fire elemental burns you!
You closely miss the deep elf mage.
The deep elf mage is severely wounded.
You hit the fire elemental. You completely miss the fire elemental.
You slash the yak! You burn the yak. The fire elemental hits you.
The fire elemental burns you!
* * * LOW HITPOINT WARNING * * *
The fire elemental barely misses you. The deep elf mage misses you.
The yak misses you.
You closely miss the deep elf mage.
The deep elf mage is severely wounded.
You slash the fire elemental! You miss the fire elemental.
You barely miss the yak. The fire elemental hits you.
The fire elemental burns you!
* * * LOW HITPOINT WARNING * * *
The fire elemental hits you. The fire elemental burns you!
* * * LOW HITPOINT WARNING * * *
The yak gores you!
You die...

....##')##### ####
....##......# ...e.
....##......# .....#
<...###....## ####...#
....# ##''## ###..'...+
....###)...###....##+##
....##..)...#..§E##
######......'.§EY+
######......#..E@#
..[[###....###.e..#
..[[# ##++## ###..+
...)# #### .!))# ..))#
#####


You could see a deep elf mage, a yak and 3 fire elementals.

Vanquished Creatures
  Erica (D)
  A deep elf mage (D)
  A spiny frog (D)
  An orange demon (D)
  A demonic crawler (D)
  A guardian mummy (D)
  An ice devil (D)
  A bog body (D)
  3 yaks (D)
  A tarantella (D)
  Edmund (D)
  A floating eye (D)
  2 black bears (D)
  A bullfrog (D)
  A wight (D)
  A gnoll shaman (D)
  A hound (D)
  A mummy (D)
  4 gnolls (D)
  2 oozes (D)
  A worm (D)
  A bat zombie (D)
  A giant cockroach (D)
  A hobgoblin (D)
  2 quokkas (D)
  2 ball pythons (D)
  2 frilled lizards (D)
  A kobold (D)
38 creatures vanquished.

Notes
Turn   | Place    | Note
-------+----------+-------------------------------------------
     0 | D        | Fang the Gargoyle Berserker began the quest for the Orb.
     0 | D        | Reached XP level 1. HP: 14/14 MP: 1/1
    15 | D        | Reached skill level 4 in Fighting
   155 | D        | Found a bloodstained altar of Trog.
   155 | D        | Found a deep blue altar of Sif Muna.
   155 | D        | Found a viscous altar of Jiyva.
   155 | D        | Found a hazy altar of Hepliaklqana.
   155 | D        | Found an opulent altar of Gozag.
   156 | D        | Found a glowing golden altar of the Shining One.
   156 | D        | Found a glowing silver altar of Zin.
   156 | D        | Found a basalt altar of Yredelemnul.
   156 | D        | Found a shimmering altar of Xom.
   156 | D        | Found an ornate altar of the Wu Jian Council.
   156 | D        | Found a sacrificial altar of Ru.
   156 | D        | Found a stormy altar of Qazlal.
   156 | D        | Found an iron altar of Okawaru.
   156 | D        | Found a sparkling altar of Nemelex Xobeh.
   156 | D        | Found a burning altar of Makhleb.
   156 | D        | Found a blossoming altar of Fedhas.
   156 | D        | Found a white marble altar of Elyvilon.
   156 | D        | Found a shadowy altar of Dithmenos.
   156 | D        | Found a snail-covered altar of Cheibriados.
   158 | D        | Found a radiant altar of Vehumet.
   158 | D        | Found a corrupted altar of Lugonu.
   158 | D        | Found a roughly hewn altar of Beogh.
   160 | D        | Found an ancient bone altar of Kikubaaqudgha.
   160 | D        | Found a hide-covered altar of Uskayaw.
   160 | D        | Found a shattered altar of Ashenzari.
   253 | D        | Noticed a floating eye
   254 | D        | Reached ** piety under Trog
   256 | D        | Paralysed by a floating eye for 4 turns
   262 | D        | Killed a floating eye
   262 | D        | Reached skill level 7 in Fighting
   262 | D        | Reached skill level 5 in Axes
   262 | D        | Reached XP level 2. HP: 24/24 MP: 2/2
   262 | D        | Reached XP level 3. HP: 28/28 MP: 3/3
   262 | D        | Reached XP level 4. HP: 34/34 MP: 4/4
   318 | D        | Reached *** piety under Trog
   324 | D        | Reached XP level 5. HP: 29/38 MP: 5/5
   451 | D        | Noticed a black bear
   454 | D        | Reached **** piety under Trog
   454 | D        | Reached skill level 8 in Fighting
   456 | D        | Reached XP level 6. HP: 45/45 MP: 6/6
   458 | D        | Killed a black bear
   458 | D        | Reached skill level 9 in Fighting
   458 | D        | Reached skill level 1 in Stealth
   522 | D        | Reached ***** piety under Trog
   530 | D        | Noticed a black bear
   542 | D        | Killed a black bear
   542 | D        | Reached skill level 10 in Fighting
   542 | D        | Reached skill level 5 in Armour
   542 | D        | Reached XP level 7. HP: 31/52 MP: 7/7
   677 | D        | Received a gift from Trog
   710 | D        | Noticed an orange demon
   710 | D        | Noticed a tarantella
   718 | D        | Killed a tarantella
   718 | D        | Reached skill level 10 in Axes
   718 | D        | Reached skill level 5 in Dodging
   724 | D        | Killed an orange demon
   724 | D        | Received a gift from Trog
   724 | D        | Reached skill level 11 in Fighting
   724 | D        | Reached XP level 8. HP: 42/60 MP: 8/8
  1129 | D        | Noticed Erica
  1129 | D        | Noticed a deep elf mage
  1135 | D        | Killed Erica
  1135 | D        | Reached skill level 12 in Fighting
  1139 | D        | Killed a deep elf mage
  1139 | D        | Reached XP level 9. HP: 67/67 MP: 9/9
  1187 | D        | Noticed a demonic crawler
  1187 | D        | Noticed a guardian mummy
  1187 | D        | Noticed an ice devil
  1206 | D        | Killed a demonic crawler
  1206 | D        | Received a gift from Trog
  1206 | D        | Killed an ice devil
  1206 | D        | Reached skill level 13 in Fighting
  1206 | D        | Killed a guardian mummy
  1624 | D        | Noticed a deep elf mage
  1624 | D        | Noticed Edmund
  1630 | D        | Noticed a spiny frog
  1637 | D        | Reached ****** piety under Trog
  1642 | D        | Killed a spiny frog
  1642 | D        | Reached XP level 10. HP: 74/74 MP: 10/10
  1642 | D        | Killed Edmund
  1642 | D        | Received a gift from Trog
  1652 | D        | Reached skill level 14 in Fighting
  1654 | D        | Slain by a yak

Skill      XL: |  1  2  3  4  5  6  7  8  9 10 |
---------------+-------------------------------+-----
Fighting       | 7 8 10 11 12 13 14 | 14.0
Axes           | 5 6 7 9 10 12 13 | 13.9
Armour         | 3 4 5 6 7 |  7.4
Dodging        | 2 3 4 5 6 7 8 |  8.0
Stealth        | 1 2 3 |  3.8

Action                   |  1- 3 |  4- 6 |  7- 9 | 10-12 || total
-------------------------+-------+-------+-------+-------++-------
Melee: Hand axe          |    10 |    36 |    14 |       ||    60
       War axe           |       |       |    29 |    11 ||    40
Invok: Berserk           |       |     1 |     5 |       ||     6
  Use: Potion            |       |       |     1 |       ||     1
  Eat: Chunk             |       |       |     6 |       ||     6
Armor: Animal skin       |       |    12 |     1 |       ||    13
       Scale mail        |       |       |    16 |    12 ||    28
Dodge: Dodged            |     3 |    39 |    34 |    11 ||    87
